NCAA
INDIANA HOOSIERS @ WAKE FOREST DEMON DEACONS
04/28/2029
 
TOP OF THE 1ST
Indiana Hoosiers batting - Pitching for Wake Forest Demon Deacons : RHP Mark Schroder
Pitching: RHP Mark Schroder
Batting: RHB Justin López 0-0: Ball
1-0: Foul Ball, location: 2F
1-1: Ground out 6-3 (Groundball, 56)
Batting: RHB Stephen McNeely 0-0: Ball
1-0: Called Strike
1-1: Ball
2-1: Called Strike
2-2: Strikes out swinging
Batting: LHB Brandon Shields 0-0: Ball
1-0: Ball
2-0: Fly out, F7 (Flyball, 7S)
Top of the 1st over - 0 runs, 0 hits, 0 errors, 0 left on base; Indiana 0 - Wake Forest 0
BOTTOM OF THE 1ST
Wake Forest Demon Deacons batting - Pitching for Indiana Hoosiers : RHP Myron Allison
Pitching: RHP Myron Allison
Batting: RHB Tyler Robinson 0-0: Ball
1-0: Ball
2-0: Called Strike
2-1: Foul Ball, location: 2F
2-2: Fly out, F7 (Flyball, 7)
Batting: RHB Tim Guerrero 0-0: Ball
1-0: Ball
2-0: Called Strike
2-1: Foul Ball, location: 2F
2-2: Fly out, F8 (Flyball, 8RXD)
Batting: RHB William Allen 0-0: Swinging Strike
0-1: Ball
1-1: Called Strike
1-2: Strikes out swinging
Bottom of the 1st over - 0 runs, 0 hits, 0 errors, 0 left on base; Indiana 0 - Wake Forest 0
TOP OF THE 2ND
Indiana Hoosiers batting - Pitching for Wake Forest Demon Deacons : RHP Mark Schroder
Batting: RHB Roberto Arce 0-0: Ball
1-0: Ball
2-0: Foul Ball, location: 2F
2-1: Fly out, F6 (Popup, 6)
Batting: LHB Jimmy Winters 0-0: Ball
1-0: DOUBLE (Groundball, 5L)
Batting: RHB Curt David 0-0: Ball
1-0: Called Strike
1-1: Called Strike
1-2: SINGLE (Groundball, 56S) (infield hit)
Jimmy Winters to third
Batting: RHB Frank Reed 0-0: Ball
1-0: Called Strike
1-1: Ball
2-1: Fly out, F8 (Flyball, 8RM)
Runner from 3rd tags up, SCORES, no throw
Batting: RHB Luke Nelson 0-0: Ball
1-0: Ball
2-0: Fly out, F9 (Line Drive, 9)
Top of the 2nd over - 1 run, 2 hits, 0 errors, 1 left on base; Indiana 1 - Wake Forest 0
BOTTOM OF THE 2ND
Wake Forest Demon Deacons batting - Pitching for Indiana Hoosiers : RHP Myron Allison
Batting: RHB Mike Pope 0-0: Called Strike
0-1: Ball
1-1: Fly out, F7 (Flyball, 7)
Batting: LHB Gregory Pérez 0-0: Ball
1-0: Fly out, F7 (Flyball, 7)
Batting: RHB Terry Griffin 0-0: Swinging Strike
0-1: Swinging Strike
0-2: Strikes out swinging, 2-3 out at first.
Bottom of the 2nd over - 0 runs, 0 hits, 0 errors, 0 left on base; Indiana 1 - Wake Forest 0
TOP OF THE 3RD
Indiana Hoosiers batting - Pitching for Wake Forest Demon Deacons : RHP Mark Schroder
Batting: RHB Chris Wilson 0-0: Ball
1-0: Ground out 6-3 (Groundball, 6)
Batting: RHB Justin López 0-0: Swinging Strike
0-1: Fly out, F9 (Flyball, 89M)
Batting: RHB Stephen McNeely 0-0: Fly out, F8 (Flyball, 8RD)
Top of the 3rd over - 0 runs, 0 hits, 0 errors, 0 left on base; Indiana 1 - Wake Forest 0
BOTTOM OF THE 3RD
Wake Forest Demon Deacons batting - Pitching for Indiana Hoosiers : RHP Myron Allison
Batting: LHB Don Harris 0-0: Ball
1-0: Swinging Strike
1-1: Ball
2-1: Called Strike
2-2: Foul Ball, location: 2F
2-2: Fly out, F9 (Line Drive, 9LD)
Batting: RHB Héctor Solís 0-0: Foul Ball, location: 2F
0-1: Swinging Strike
0-2: DOUBLE (Line Drive, 8LD)
Batting: RHB William Hudson 0-0: Called Strike
0-1: Called Strike
0-2: Strikes out looking
Batting: RHB Tyler Robinson 0-0: Foul Ball, location: 2F
0-1: Ball
1-1: Ground out 6-3 (Groundball, 56)
Bottom of the 3rd over - 0 runs, 1 hit, 0 errors, 1 left on base; Indiana 1 - Wake Forest 0
TOP OF THE 4TH
Indiana Hoosiers batting - Pitching for Wake Forest Demon Deacons : RHP Mark Schroder
Batting: LHB Brandon Shields 0-0: Called Strike
0-1: Ball
1-1: Ball
2-1: Fly out, F8 (Flyball, 8RS)
Batting: RHB Roberto Arce 0-0: Called Strike
0-1: Foul Ball, location: 2F
0-2: Strikes out swinging
Batting: LHB Jimmy Winters 0-0: Called Strike
0-1: Ball
1-1: Foul Ball, location: 2F
1-2: SINGLE (Groundball, 6S) (infield hit)
Batting: RHB Curt David 0-0: Called Strike
0-1: Ball
1-1: Ball
2-1: Ball
3-1: Called Strike
3-2: Foul Ball, location: 2F
3-2: Foul Ball, location: 2F
3-2: SINGLE (Groundball, 56D)
Jimmy Winters to second
Jimmy Winters to third
Batting: RHB Frank Reed 0-0: Fielders Choice at 2nd, 6-4 (Groundball, 6)
Top of the 4th over - 0 runs, 2 hits, 0 errors, 2 left on base; Indiana 1 - Wake Forest 0
BOTTOM OF THE 4TH
Wake Forest Demon Deacons batting - Pitching for Indiana Hoosiers : RHP Myron Allison
Batting: RHB Tim Guerrero 0-0: Ball
1-0: Called Strike
1-1: Foul Ball, location: 2F
1-2: Ball
2-2: Ground out 1-3 (Groundball, 13)
Batting: RHB William Allen 0-0: Ball
1-0: Ball
2-0: Foul Ball, location: 2F
2-1: Foul Ball, location: 2F
2-2: Ball
3-2: SINGLE (Groundball, 56D) (infield hit)
Pinch Runner at 1st Elvis Gonzáles:
Batting: RHB Mike Pope 0-0: Foul Ball, location: 2F
0-1: Ball
1-1: Ball
2-1: Foul Ball, location: 2F
2-2: SINGLE (Line Drive, 78S)
Elvis Gonzáles to second
Batting: LHB Gregory Pérez 0-0: SINGLE (Groundball, 6MD)
Elvis Gonzáles to third
Mike Pope to second
Runner from 3rd tries for Home, SAFE, no throw
Batting: RHB Terry Griffin 0-0: Ball
1-0: Called Strike
1-1: Called Strike
1-2: Strikes out swinging
Batting: LHB Don Harris 0-0: Fly out, F9 (Line Drive, 9D)
Bottom of the 4th over - 1 run, 3 hits, 0 errors, 2 left on base; Indiana 1 - Wake Forest 1
TOP OF THE 5TH
Indiana Hoosiers batting - Pitching for Wake Forest Demon Deacons : RHP Mark Schroder
Now at C: Elvis Gonzáles
Batting: RHB Luke Nelson 0-0: Ball
1-0: Foul Ball, location: 2F
1-1: Called Strike
1-2: Strikes out swinging
Batting: RHB Chris Wilson 0-0: Called Strike
0-1: Foul Ball, location: 2F
0-2: Strikes out swinging
Batting: RHB Justin López 0-0: Ball
1-0: Called Strike
1-1: Ball
2-1: Ball
3-1: Swinging Strike
3-2: Base on Balls
Batting: RHB Stephen McNeely 0-0: Fly out, F7 (Flyball, 7S)
Top of the 5th over - 0 runs, 0 hits, 0 errors, 1 left on base; Indiana 1 - Wake Forest 1
BOTTOM OF THE 5TH
Wake Forest Demon Deacons batting - Pitching for Indiana Hoosiers : RHP Myron Allison
Batting: RHB Héctor Solís 0-0: Foul Ball, location: 2F
0-1: SINGLE (Groundball, 6) (infield hit)
Batting: RHB William Hudson 0-0: Ball
1-0: Fielders Choice at 2nd, 4-6 (Groundball, 4)
Batting: RHB Tyler Robinson 0-0: Ball
1-0: Called Strike
1-1: Ball
2-1: Fielders Choice at 2nd, 5-4 (Groundball, 56)
Batting: RHB Tim Guerrero 0-0: Ball
Tyler Robinson steals 2nd base
1-0: Ball
2-0: Swinging Strike
2-1: Ball
3-1: Swinging Strike
3-2: SINGLE (Line Drive, 9S)
Tyler Robinson to third
Tyler Robinson scores
Batting: SHB Elvis Gonzáles 0-0: Ball
1-0: Foul Ball, location: 2F
1-1: Called Strike
1-2: Strikes out swinging
Bottom of the 5th over - 1 run, 2 hits, 0 errors, 1 left on base; Indiana 1 - Wake Forest 2
TOP OF THE 6TH
Indiana Hoosiers batting - Pitching for Wake Forest Demon Deacons : RHP Mark Schroder
Batting: LHB Brandon Shields 0-0: SINGLE (Flyball, 78M)
Batting: RHB Roberto Arce 0-0: Ball
1-0: Called Strike
1-1: Swinging Strike
1-2: Fielders Choice at 2nd, 1-6 (Groundball, 13S)
Batting: LHB Jimmy Winters 0-0: Ball
1-0: Ball
2-0: Foul Ball, location: 2F
2-1: SINGLE (Groundball, 4MD)
Roberto Arce to second
Batting: RHB Curt David 0-0: Swinging Strike
0-1: Ball
1-1: Ball
2-1: Foul Ball, location: 2F
2-2: Ball
3-2: Base on Balls
Roberto Arce to third
Jimmy Winters to second
Pitching: RHP Eldon Kerr
Batting: RHB Frank Reed 0-0: Fly out, F8 (Flyball, 8RM)
Batting: RHB Luke Nelson 0-0: Ball
1-0: Ball
2-0: Fly out, F4 (Line Drive, 4MD)
Top of the 6th over - 0 runs, 2 hits, 0 errors, 3 left on base; Indiana 1 - Wake Forest 2
BOTTOM OF THE 6TH
Wake Forest Demon Deacons batting - Pitching for Indiana Hoosiers : RHP Myron Allison
Batting: RHB Mike Pope 0-0: Ball
1-0: Foul Ball, location: 2F
1-1: Ball
2-1: Foul Ball, location: 2F
2-2: Ground out 1-3 (Groundball, 13S)
Pitching: RHP Joe Reed
Batting: LHB Gregory Pérez 0-0: Fly out, F8 (Flyball, 8RD)
Batting: RHB Terry Griffin 0-0: Ball
1-0: Ball
2-0: Swinging Strike
2-1: Foul Ball, location: 2F
2-2: Ball
3-2: Foul Ball, location: 2F
3-2: Foul Ball, location: 2F
3-2: Foul Ball, location: 2F
3-2: SINGLE (Line Drive, 8LS)
Batting: LHB Don Harris 0-0: Called Strike
0-1: Hit by Pitch
Terry Griffin to second
Batting: RHB Héctor Solís 0-0: DOUBLE (Line Drive, 78D)
Terry Griffin scores
Don Harris to third
Runner from 3rd tries for Home, SAFE, no throw
Pitching: RHP Dave Murray
Pinch Runner at 2nd Paul Turner:
Batting: RHB William Hudson 0-0: Ball
1-0: Fly out, F8 (Flyball, 8RM)
Bottom of the 6th over - 2 runs, 2 hits, 0 errors, 1 left on base; Indiana 1 - Wake Forest 4
TOP OF THE 7TH
Indiana Hoosiers batting - Pitching for Wake Forest Demon Deacons : RHP Eldon Kerr
Now at 2B: Paul Turner
Batting: RHB Chris Wilson 0-0: Ball
1-0: Ball
2-0: Ball
3-0: Base on Balls
Batting: RHB Justin López 0-0: Called Strike
0-1: Foul Ball, location: 2F
0-2: SINGLE (Groundball, 4D)
Chris Wilson to second
Runner from 2nd tries for 3rd, SAFE, no throw
Batting: RHB Stephen McNeely 0-0: Called Strike
0-1: Swinging Strike
0-2: Strikes out swinging
Pitching: LHP David Vallabares
Batting: LHB Brandon Shields 0-0: DOUBLE (Flyball, 8LXD)
Chris Wilson scores
Justin López to third
Runner from 3rd tries for Home, SAFE, no throw
Pitching: LHP Mike Hill
Batting: RHB Roberto Arce 0-0: Ball
1-0: Ball
2-0: Called Strike
2-1: Ball
3-1: Base on Balls
Pinch Hitting: RHB Millard Crawford 0-0: Ball
1-0: SINGLE (Line Drive, 6MD)
Brandon Shields to third
Roberto Arce to second
Batting: RHB Curt David 0-0: Fly out, F5 (Line Drive, 5)
Batting: RHB Frank Reed 0-0: Ground out U3 (Groundball, 23)
Top of the 7th over - 2 runs, 3 hits, 0 errors, 3 left on base; Indiana 3 - Wake Forest 4
BOTTOM OF THE 7TH
Wake Forest Demon Deacons batting - Pitching for Indiana Hoosiers : RHP Dave Murray
Now in LF: Chris Neal
Batting: RHB Tyler Robinson 0-0: Ball
1-0: Ball
2-0: Ball
3-0: Base on Balls
Batting: RHB Tim Guerrero 0-0: Ground out 5-3 (Groundball, 4MS)
Tyler Robinson to second
Batting: SHB Elvis Gonzáles 0-0: Intentional Walk
Batting: RHB Mike Pope 0-0: Ball
1-0: Ball
2-0: Called Strike
2-1: Fly out, F7 (Flyball, 7)
Batting: LHB Gregory Pérez 0-0: Called Strike
0-1: SINGLE (Line Drive, 6S) (infield hit)
Tyler Robinson to third
Elvis Gonzáles to second
Batting: RHB Terry Griffin 0-0: Swinging Strike
0-1: Ball
1-1: Swinging Strike
1-2: Strikes out looking
Bottom of the 7th over - 0 runs, 1 hit, 0 errors, 3 left on base; Indiana 3 - Wake Forest 4
TOP OF THE 8TH
Indiana Hoosiers batting - Pitching for Wake Forest Demon Deacons : LHP Mike Hill
Batting: RHB Luke Nelson 0-0: Ball
1-0: DOUBLE (Groundball, 5L)
Pitching: RHP Bill Hudson
Batting: RHB Chris Wilson 0-0: Ball
1-0: Fly out, F7 (Line Drive, 7LM)
Batting: RHB Justin López 0-0: Called Strike
0-1: Hit by Pitch
Batting: RHB Stephen McNeely 0-0: Foul Ball, location: 2F
0-1: Ball
1-1: Ball
2-1: Ball
3-1: Base on Balls
Luke Nelson to third
Justin López to second
Batting: LHB Brandon Shields 0-0: DOUBLE (Line Drive, 9LM)
Luke Nelson scores
Justin López scores
Stephen McNeely to third
Batting: RHB Roberto Arce 0-0: Intentional Walk
Batting: RHB Chris Neal 0-0: Foul Ball, location: 2F
0-1: Fly out, F8 (Flyball, 8RM)
Batting: RHB Curt David 0-0: Ball
1-0: Ball
2-0: Ball
3-0: Base on Balls
Stephen McNeely scores
Brandon Shields to third
Roberto Arce to second
Batting: RHB Frank Reed 0-0: Called Strike
0-1: Swinging Strike
0-2: Ball
1-2: Foul Ball, location: 2F
1-2: Strikes out looking
Top of the 8th over - 3 runs, 2 hits, 0 errors, 3 left on base; Indiana 6 - Wake Forest 4
BOTTOM OF THE 8TH
Wake Forest Demon Deacons batting - Pitching for Indiana Hoosiers : RHP Dave Murray
Batting: LHB Don Harris 0-0: Ball
1-0: Ball
2-0: Ball
3-0: Called Strike
3-1: Foul Ball, location: 2F
3-2: Foul Ball, location: 2F
3-2: Base on Balls
Batting: RHB Paul Turner 0-0: Called Strike
0-1: Swinging Strike
0-2: Strikes out swinging
Batting: RHB William Hudson 0-0: Called Strike
0-1: Called Strike
0-2: SINGLE (Flyball, 8LS)
Don Harris to second
Pitching: RHP Benoît Sauvé
Batting: RHB Tyler Robinson 0-0: Ball
1-0: Called Strike
1-1: Ground out 3-1 (Groundball, 34S)
Don Harris to third
William Hudson to second
Batting: RHB Tim Guerrero 0-0: Called Strike
0-1: Ball
1-1: Foul Ball, location: 2F
1-2: Ball
2-2: 3-RUN HOME RUN (Flyball, 78XD), Distance : 368 ft
Batting: SHB Elvis Gonzáles 0-0: Ball
1-0: Fly out, F6 (Line Drive, 6)
Bottom of the 8th over - 3 runs, 2 hits, 0 errors, 0 left on base; Indiana 6 - Wake Forest 7
TOP OF THE 9TH
Indiana Hoosiers batting - Pitching for Wake Forest Demon Deacons : RHP Bill Hudson
Batting: RHB Luke Nelson 0-0: SINGLE (Line Drive, 9LM)
Batting: RHB Chris Wilson 0-0: Called Strike
0-1: Ball
1-1: Foul Ball, location: 2F
1-2: Ball
2-2: Strikes out swinging
Batting: RHB Justin López 0-0: Fly out, F8 (Flyball, 8LD)
Runner from 1st tags up, SAFE at 2nd
Batting: RHB Stephen McNeely 0-0: Ball
1-0: Ball
2-0: Ball
3-0: Called Strike
3-1: Called Strike
3-2: Base on Balls
Batting: LHB Brandon Shields 0-0: Ball
1-0: Ball
2-0: Called Strike
2-1: SINGLE (Groundball, 56D)
Luke Nelson to third
Stephen McNeely to second
Runner from 3rd tries for Home, SAFE, throw made home
Batting: RHB Roberto Arce 0-0: Called Strike
0-1: Ball
1-1: Foul Ball, location: 2F
1-2: Foul Ball, location: 2F
1-2: Ball
Wild Pitch!
Stephen McNeely to third
Brandon Shields to second
2-2: Fly out, F7 (Flyball, 7S)
Top of the 9th over - 1 run, 2 hits, 0 errors, 2 left on base; Indiana 7 - Wake Forest 7
BOTTOM OF THE 9TH
Wake Forest Demon Deacons batting - Pitching for Indiana Hoosiers : RHP Benoît Sauvé
Pitching: LHP Rubén Gutiérrez
Batting: RHB Mike Pope 0-0: Fly out, F7 (Line Drive, 7S)
Batting: LHB Gregory Pérez 0-0: Foul Ball, location: 2F
0-1: Ball
1-1: Ball
2-1: Ball
3-1: Base on Balls
Batting: RHB Terry Griffin 0-0: Called Strike
0-1: Foul Ball, location: 2F
0-2: Strikes out swinging
Batting: LHB Don Harris 0-0: Called Strike
0-1: SINGLE (Line Drive, 8RS)
Gregory Pérez to second
Runner from 2nd tries for 3rd, SAFE after rundown.
Batting: RHB Paul Turner 0-0: Called Strike
0-1: Called Strike
0-2: Fly out, F8 (Flyball, 8RXD)
Bottom of the 9th over - 0 runs, 1 hit, 0 errors, 2 left on base; Indiana 7 - Wake Forest 7
TOP OF THE 10TH
Indiana Hoosiers batting - Pitching for Wake Forest Demon Deacons : RHP Bill Hudson
Pitching: RHP Javier Morán
Batting: RHB Chris Neal 0-0: Ground out 5-3 (Groundball, 56S)
Batting: RHB Curt David 0-0: Ball
1-0: Ball
2-0: Ball
3-0: Called Strike
3-1: Called Strike
3-2: Base on Balls
Batting: RHB Frank Reed 0-0: Ball
1-0: Swinging Strike
1-1: Ball
2-1: Called Strike
2-2: Ball
3-2: Strikes out looking
Curt David steals 2nd base
Batter strikes out.
Batting: RHB Luke Nelson 0-0: Foul Ball, location: 2F
0-1: Called Strike
0-2: Strikes out looking
Top of the 10th over - 0 runs, 0 hits, 0 errors, 1 left on base; Indiana 7 - Wake Forest 7
BOTTOM OF THE 10TH
Wake Forest Demon Deacons batting - Pitching for Indiana Hoosiers : LHP Rubén Gutiérrez
Batting: RHB William Hudson 0-0: Called Strike
0-1: Fly out, F9 (Flyball, 89D)
Batting: RHB Tyler Robinson 0-0: Ball
1-0: Called Strike
1-1: Called Strike
1-2: Ball
2-2: Foul Ball, location: 2F
2-2: Ball
3-2: Fly out, F4 (Popup, 13)
Batting: RHB Tim Guerrero 0-0: Swinging Strike
0-1: Ball
1-1: Foul Ball, location: 2F
1-2: Reached on error, E6 (Groundball, 6)
Batting: SHB Elvis Gonzáles 0-0: Called Strike
0-1: Ball
1-1: Fly out, F8 (Flyball, 8RD)
Bottom of the 10th over - 0 runs, 0 hits, 1 error, 1 left on base; Indiana 7 - Wake Forest 7
TOP OF THE 11TH
Indiana Hoosiers batting - Pitching for Wake Forest Demon Deacons : RHP Javier Morán
Batting: RHB Chris Wilson 0-0: Called Strike
0-1: Called Strike
0-2: Foul Ball, location: 2F
0-2: Ball
1-2: Strikes out swinging
Batting: RHB Justin López 0-0: Called Strike
0-1: SINGLE (Groundball, 34D)
Batting: RHB Stephen McNeely 0-0: Ball
1-0: Foul Ball, location: 2F
1-1: 2-RUN HOME RUN (Flyball, 8LXD), Distance : 398 ft
Batting: LHB Brandon Shields 0-0: SINGLE (Line Drive, 34D)
Batting: RHB Roberto Arce 0-0: Ball
1-0: Ball
2-0: Ball
3-0: Base on Balls
Brandon Shields to second
Batting: RHB Chris Neal 0-0: Called Strike
0-1: Ball
1-1: Foul Ball, location: 2F
1-2: Foul Ball, location: 2F
1-2: Ball
2-2: Strikes out swinging
Batting: RHB Curt David 0-0: Ball
1-0: Called Strike
1-1: Ball
2-1: Foul Ball, location: 2F
2-2: Ball
3-2: Ground out 6-3 (Groundball, 6)
Top of the 11th over - 2 runs, 3 hits, 0 errors, 2 left on base; Indiana 9 - Wake Forest 7
BOTTOM OF THE 11TH
Wake Forest Demon Deacons batting - Pitching for Indiana Hoosiers : LHP Rubén Gutiérrez
Pitching: LHP Robin Bergeron
Batting: RHB Mike Pope 0-0: Ball
1-0: Foul Ball, location: 2F
1-1: Ball
2-1: Ball
3-1: Swinging Strike
3-2: Foul Ball, location: 2F
3-2: Base on Balls
Batting: LHB Gregory Pérez 0-0: Ball
1-0: Ball
2-0: Ball
3-0: Base on Balls
Mike Pope to second
Batting: RHB Terry Griffin 0-0: Bunted foul
0-1: Bunt missed!
0-2: Grounds into double play, 5-4-3 (Groundball, 56)
Mike Pope to third
Batting: LHB Don Harris 0-0: Called Strike
0-1: SINGLE (Line Drive, 4M)
Mike Pope scores
Batting: RHB Paul Turner 0-0: Called Strike
0-1: Ground out 1-3 (Groundball, 13)
Bottom of the 11th over - 1 run, 1 hit, 0 errors, 1 left on base; Indiana 9 - Wake Forest 8
Saturday, December 16th, 2017 - OOTP Baseball 18.8 Build 76